 Dungeon Crawl Stone Soup version 0.28-a0-519-gbfeecf2fc5 (webtiles) character file.

Game seed: 7747084412604501124

72 varam the Grave Robber (level 4, -2/24 HPs)
             Began as a Deep Elf Necromancer on Sept 23, 2021.
             Was a Follower of Cheibriados.
             Slain by a gnoll (8 damage)
             ... on level 2 of the Dungeon.
             The game lasted 00:05:29 (1917 turns).

varam the Grave Robber (Deep Elf Necromancer)       Turns: 1917, Time: 00:05:30

Health: -2/24      AC:  2    Str:  8    XL:     4   Next: 6%
Magic:  3/12       EV: 13    Int: 24    God:    Cheibriados [*.....]
Gold:   95         SH:  0    Dex: 18    Spells: 9/11 levels left

rFire   . . .      SeeInvis .   c - +0 short sword
rCold   . . .      Faith    .   (no shield)
rNeg    . . .      Spirit   .   a - +0 robe
rPois   .          Reflect  .   (no helmet)
rElec   .          Harm     .   (no cloak)
rCorr   .          Rampage  .   (no gloves)
Will    .....                   (no boots)
Stlth   ++........              (no amulet)
HPRegen 0.08/turn               (no ring)
MPRegen 0.13/turn               (no ring)

@: very slow
A: no striking features
a: Renounce Religion, Bend Time


You were on level 2 of the Dungeon.
You worshipped Cheibriados.
Cheibriados was aware of your devotion.
You visited 1 branch of the dungeon, and saw 2 of its levels.

You collected 95 gold pieces.

Inventory:

Hand Weapons
 c - a +0 short sword (weapon)
   (You found it on level 1 of the Dungeon)
Missiles
 g - 3 boomerangs
Armour
 a - a +0 robe (worn)
 e - a +0 cloak
   (You found it on level 1 of the Dungeon)
Magical Staves
 l - a staff of poison
   (You found it on level 2 of the Dungeon)
Scrolls
 d - a scroll of vulnerability {unknown}
 f - 2 scrolls of amnesia {unknown}
 h - a scroll of identify {unknown}
 i - 5 scrolls of enchant weapon {unknown}
 j - a scroll of acquirement {unknown}
 k - 2 scrolls of teleportation {unknown}
Potions
 b - 2 potions of curing {unknown}
 m - a potion of might {unknown}


   Skills:
 - Level 2.4 Dodging
 - Level 2.4 Stealth
 + Level 4.1 Spellcasting
 * Level 6.2 Necromancy


You had 9 spell levels left.
You knew the following spells:

 Your Spells              Type           Power      Damage    Failure   Level
a - Pain                  Necr           100%       1d9       1%          1
b - Animate Skeleton      Necr           70%        N/A       1%          1

Your spell library contained the following spells:

 Spells                   Type           Power      Damage    Failure   Level
 Vampiric Draining        Necr           17%        2d8       2%          3
 Animate Dead             Necr           17%        N/A       8%          4
 Agony                    Necr           35%        N/A       21%         5


Dungeon Overview and Level Annotations

Branches:
Dungeon (2/15)

Altars:
Cheibriados

Shops:
D:2 (

Annotations:
D:2 Terence


Message History

Confirm with . or Enter, or press ? or * to list all spells.
Aiming: Pain (safe; 1% risk of failure)
Press: ? - help, Shift-Dir - straight line, f/p - gnoll
Aim: a gnoll, wielding a +0 spear (almost dead, chance to affect: 89%)
The gnoll writhes in agony.
You kill the gnoll!
Cheibriados appreciates the change of pace.
Cheibriados raises the support of your attributes as your movement slows.
The gnoll hits you but does no damage.
Casting: Pain (safe; 1% risk of failure)
Confirm with . or Enter, or press ? or * to list all spells.
Aiming: Pain (safe; 1% risk of failure)
Press: ? - help, Shift-Dir - straight line, f - gnoll
Aim: a gnoll, wielding a +0 spear (chance to affect: 89%)
The gnoll writhes in agony.
The gnoll misses you.
Casting: Pain (safe; 1% risk of failure)
Confirm with . or Enter, or press ? or * to list all spells.
Aiming: Pain (safe; 1% risk of failure)
Press: ? - help, Shift-Dir - straight line, f/p - gnoll
Aim: a gnoll, wielding a +0 spear (moderately wounded, chance to affect: 89%)
The gnoll writhes in agony!
You kill the gnoll!
Cheibriados appreciates the change of pace.
You have reached level 4!
You feel clever.
Things that are here:
a +0 spear; a gnoll corpse
Casting: Pain (safe; 1% risk of failure)
Confirm with . or Enter, or press ? or * to list all spells.
You don't have enough magic to cast this spell.
The gnoll hits you with a +0 flail.
* * * LOW HITPOINT WARNING * * *
The gnoll misses you. The gnoll barely misses you.
The gnoll closely misses you. The gnoll hits you with a +0 flail.
* * * LOW HITPOINT WARNING * * *
The gnoll closely misses you. The gnoll hits you with a +0 flail!
You die...

# #....## ##....#.##.# ###.. #
###.#.###.###.#.##.# # #
#.##.#.## #.#.##.# # #.###.##
#.#.##.# ### #.# #.# #.#....#
..###.###.#####.###..#
.....................#
..##..##.#####..###.##
†.##.###.......g@...###########.
..##.# #######.####.##....))....
..##.## #.# #.##)#######..
..#..>## #.####......# ....#..#
#.##........## .##....#
#.##...........? .###.#.#
#.##........#### .#
#.#.#######.###.........# .#
#..............#.##.###.#


You could see a gnoll.

Vanquished Creatures
  4 gnolls
  An adder (D:2)
  4 bats
  2 endoplasms
  3 giant cockroaches
  A goblin (D:1)
  A hobgoblin (D:1)
  2 ball pythons
  2 kobolds (D:1)
  4 rats
24 creatures vanquished.

Vanquished Creatures (collateral kills)
  A dart slug (D:1)
1 creature vanquished.

Vanquished Creatures (others)
  A plant (D:1)
1 creature vanquished.

Grand Total: 26 creatures vanquished

Notes
Turn   | Place    | Note
-------+----------+-------------------------------------------
     0 | D:1      | varam the Deep Elf Necromancer began the quest for the Orb.
     0 | D:1      | Reached XP level 1. HP: 10/10 MP: 6/6
    28 | D:1      | Learned a level 1 spell: Animate Skeleton
   149 | D:1      | Reached skill level 5 in Necromancy
   405 | D:1      | Reached XP level 2. HP: 10/15 MP: 4/8
  1178 | D:1      | Found a faded altar of an unknown god.
  1187 | D:1      | Became a worshipper of Cheibriados the Contemplative
  1187 | D:1      | Reached * piety under Cheibriados
  1440 | D:2      | Reached XP level 3. HP: 15/19 MP: 6/10
  1519 | D:2      | Noticed Terence
  1617 | D:2      | Found Ynyorch's Antique Weapon Shop.
  1891 | D:2      | Reached skill level 6 in Necromancy
  1899 | D:2      | Reached XP level 4. HP: 11/24 MP: 0/12
  1917 | D:2      | Slain by a gnoll

Illustrated notes

Levels and vault maps discovered:
D:1:      dpeg_arrival_lava_temple_mockup, layout_loops_ring,
          shapermc_ecumenical_altar_mp_urbaneastern, grunt_decor_fettered,
          st_stairs_6, chequers_serial_rivers_small_3, minmay_pentomino_x2
D:2:      layout_loops_ring, serial_shops, shop, basic_altar,
          kennysheep_generic_room_11, uniq_terence

Skill      XL: |  1  2  3 |
---------------+----------+-----
Necromancy     | 5 6 |  6.2
Spellcasting   | 4 |  4.1
Dodging        | |  2.4
Stealth        | |  2.4

Action                   |  1- 3 |  4- 6 || total
-------------------------+-------+-------++-------
Melee: Short sword       |    11 |       ||    11
 Cast: Pain              |    50 |       ||    50
       Animate Skeleton  |     4 |       ||     4
Armor: Robe              |     6 |       ||     6
Dodge: Dodged            |    14 |     4 ||    18

Table legend: (Time is in decaauts)
 A = Elapsed time spent in this place.
 B = Non-inter-level travel time spent in this place.
 C = Inter-level travel time spent in this place.
 D = Time resting spent in this place.
 E = Time spent auto-exploring this place.
 F = Levels seen in this place.
 G = Mean time per level.
                   A        B        C        D        E       F      G
               +--------+--------+--------+--------+--------+-----+--------+
         Total |   2117 |   2063 |     54 |    387 |   1271 |   2 | 1058.5 |
       Dungeon |   2117 |   2063 |     54 |    387 |   1271 |   2 | 1058.5 |
               +--------+--------+--------+--------+--------+-----+--------+

Top non-repeatable levels by time:
     D:1: 1461 daAuts
     D:2: 656 daAuts
